[ AOE2 MATCH · #475259454 ]
UnrankedTurks vs Koreans
[ REPLAY ANALYSIS · EXTRACTED FROM THE RECORDED GAME ]
Feudal
12:59
Castle
16:54
Imperial
27:47
| APM avg | 23.7 |
| APM peak | 42 |
| eAPM avg | 14.5 |
| Villagers / military | 116 / 137 |
Focus
⚔️ 23.5% · 🌾 76.5%
Hand Cannoneer ×106 · Bombard Cannon ×14 · Scout Cavalry ×10 · Monk ×6 · Mangonel ×1
Feudal
11:15
Castle
17:37
Imperial
42:21
| APM avg | 19.2 |
| APM peak | 48 |
| eAPM avg | 11.7 |
| Villagers / military | 131 / 77 |
Focus
⚔️ 23.6% · 🌾 76.4%
War Wagon ×36 · Iron Pagoda ×29 · Trebuchet (Packed) ×7 · Cavalry Archer ×3 · Spearman ×2
Feudal
11:12
Castle
16:28
Imperial
31:12
| APM avg | 49.6 |
| APM peak | 114 |
| eAPM avg | 21.7 |
| Villagers / military | 77 / 245 |
Focus
⚔️ 47.5% · 🌾 52.5%
Gbeto ×173 · Scout Cavalry ×72
Feudal
12:17
Castle
16:31
Imperial
—
| APM avg | 16.6 |
| APM peak | 36 |
| eAPM avg | 9.1 |
| Villagers / military | 69 / 34 |
Focus
⚔️ 21.9% · 🌾 78.1%
Conquistador ×16 · Battering Ram ×12 · Mangonel ×4 · Missionary ×2
Match map
Initial resources + every placement click. Lines = walls · curves = elevation contours. ◆ gold · ⬟ stone · ● berries · ✦ relic · ◌ wall gap
Your base· ✓ Closed at 16:54 · 0t walls · 2 gate(s)
Isumari's base· ✓ Closed at 17:37 · 0t walls · 2 gate(s)
hwooqpwooer's base· ✓ Closed at 16:28 · 0t walls · 2 gate(s)
moiseschoninger's base· ✓ Closed at 16:31 · 0t walls · 2 gate(s)
Smoothed initial terrain · ◌ = detected wall gap · hover for details
Inputs per minute
— Franquitoo - - Isumari
Build order — Franquitoo
First 150 of 302 actions detected
| 0:06 | Create | Villager (Male) ×4 |
| 0:11 | Build | House |
| 0:13 | Build | House |
| 1:54 | Build | Mining Camp |
| 2:07 | Build | Lumber Camp |
| 2:08 | Create | Villager (Male) |
| 2:08 | Create | Villager (Male) |
| 2:42 | Create | Villager (Male) |
| 2:42 | Create | Villager (Male) |
| 2:59 | Create | Villager (Male) |
| 2:59 | Create | Villager (Male) |
| 3:57 | Create | Villager (Male) |
| 3:57 | Create | Villager (Male) |
| 3:57 | Create | Villager (Male) |
| 4:09 | Create | Villager (Male) |
| 4:09 | Create | Villager (Male) |
| 4:39 | Create | Villager (Male) |
| 4:40 | Create | Villager (Male) |
| 4:57 | Build | House |
| 5:16 | Build | Mill |
| 5:20 | Create | Villager (Male) |
| 5:20 | Create | Villager (Male) |
| 5:26 | Build | House |
| 5:30 | Build | House |
| 5:50 | Create | Villager (Male) |
| 5:51 | Create | Villager (Male) |
| 6:45 | Create | Villager (Male) |
| 7:09 | Build | Mining Camp |
| 7:10 | Create | Villager (Male) |
| 7:11 | Create | Villager (Male) |
| 7:11 | Create | Villager (Male) |
| 8:06 | Create | Villager (Male) |
| 8:07 | Create | Villager (Male) |
| 8:07 | Create | Villager (Male) |
| 8:07 | Create | Villager (Male) |
| 8:29 | Create | Villager (Male) |
| 8:29 | Create | Villager (Male) |
| 9:46 | Build | Farm |
| 9:48 | Create | Villager (Male) |
| 9:58 | Build | Farm |
| 10:06 | Research | Feudal Age |
| 10:07 | Research | Loom |
| 10:08 | Create | Villager (Male) |
| 10:08 | Create | Villager (Male) |
| 10:52 | Create | Villager (Male) |
| 12:13 | Build | Farm |
| 12:17 | Build | Farm |
| 12:59 | Age | Feudal Age |
| 13:03 | Build | Market |
| 13:09 | Build | Blacksmith |
| 13:25 | Build | Farm |
| 13:25 | Build | Farm |
| 13:42 | Build | Barracks |
| 13:51 | Build | House |
| 14:00 | Research | Castle Age |
| 14:16 | Build | Farm |
| 14:21 | Build | Farm |
| 14:25 | Build | Farm |
| 14:40 | Research | Double-Bit Axe |
| 14:42 | Research | Horse Collar |
| 15:02 | Build | House |
| 15:09 | Build | House |
| 15:18 | Build | Outpost |
| 15:20 | Build | Outpost |
| 15:25 | Research | Gold Mining |
| 15:37 | Build | Farm |
| 15:37 | Build | Farm |
| 15:42 | Build | Farm |
| 15:42 | Build | Farm |
| 15:50 | Research | Wheelbarrow |
| 16:54 | Age | Castle Age |
| 17:00 | Build | Monastery |
| 17:09 | Research | Town Watch |
| 17:18 | Research | Bow Saw |
| 17:19 | Research | Heavy Plow |
| 17:44 | Research | Fervor |
| 17:45 | Create | Monk |
| 17:45 | Create | Monk |
| 17:59 | Build | House |
| 18:02 | Build | House |
| 18:10 | Research | Gold Shaft Mining |
| 18:20 | Build | Farm |
| 18:54 | Create | Villager (Male) |
| 18:54 | Create | Villager (Male) |
| 18:57 | Create | Monk |
| 19:31 | Build | Farm |
| 19:55 | Create | Villager (Male) |
| 20:08 | Create | Villager (Male) |
| 20:25 | Create | Villager (Male) |
| 20:25 | Create | Villager (Male) |
| 20:33 | Create | Monk |
| 20:34 | Create | Monk |
| 20:44 | Build | Mill |
| 20:46 | Build | Farm |
| 20:46 | Build | Farm |
| 20:46 | Build | Farm |
| 20:47 | Build | Farm |
| 20:48 | Build | Farm |
| 21:25 | Create | Villager (Male) |
| 21:59 | Create | Villager (Male) |
| 22:06 | Build | Farm |
| 22:06 | Build | Farm |
| 22:07 | Build | Farm |
| 22:23 | Create | Villager (Male) |
| 22:49 | Create | Monk |
| 22:55 | Build | Farm |
| 23:06 | Build | University |
| 23:26 | Build | Siege Workshop |
| 23:38 | Create | Villager (Male) |
| 23:38 | Create | Villager (Male) |
| 23:38 | Create | Villager (Male) |
| 23:40 | Create | Villager (Male) |
| 24:15 | Create | Mangonel |
| 24:35 | Research | Imperial Age |
| 25:30 | Build | House |
| 25:31 | Build | House |
| 25:33 | Build | House |
| 25:55 | Build | Monastery |
| 26:27 | Create | Villager (Male) |
| 26:28 | Create | Villager (Male) |
| 26:52 | Build | House |
| 26:54 | Build | House |
| 26:54 | Build | House |
| 27:01 | Create | Villager (Male) |
| 27:02 | Create | Villager (Male) |
| 27:46 | Build | Archery Range |
| 27:47 | Age | Imperial Age |
| 27:54 | Research | Two-Man Saw |
| 28:42 | Build | House |
| 28:43 | Build | House |
| 28:44 | Build | House |
| 28:45 | Build | House |
| 28:47 | Create | Villager (Male) |
| 28:47 | Create | Villager (Male) |
| 28:47 | Create | Villager (Male) |
| 28:47 | Create | Villager (Male) |
| 29:01 | Build | Town Center |
| 29:11 | Create | Bombard Cannon |
| 29:11 | Create | Bombard Cannon |
| 29:16 | Create | Hand Cannoneer ×5 |
| 29:40 | Create | Villager (Male) |
| 29:40 | Create | Villager (Male) |
| 30:13 | Build | House |
| 30:14 | Build | House |
| 30:15 | Build | House |
| 30:27 | Research | Ballistics |
| 31:09 | Build | Town Center |
| 31:25 | Research | Fletching |
| 31:25 | Research | Padded Archer Armor |
| 31:32 | Build | House |
Build order — Isumari
First 150 of 315 actions detected
| 0:02 | Create | Villager (Male) |
| 0:02 | Create | Villager (Male) |
| 0:03 | Build | House |
| 0:07 | Build | House |
| 0:21 | Create | Villager (Male) |
| 1:03 | Create | Villager (Male) |
| 1:46 | Create | Villager (Male) |
| 2:09 | Create | Villager (Male) |
| 2:09 | Create | Villager (Male) |
| 2:21 | Build | Lumber Camp |
| 2:28 | Create | Villager (Male) |
| 2:51 | Create | Villager (Male) |
| 3:27 | Create | Villager (Male) |
| 3:38 | Create | Villager (Male) |
| 3:55 | Build | House |
| 4:41 | Build | Mill |
| 4:42 | Create | Villager (Male) |
| 4:43 | Create | Villager (Male) |
| 5:45 | Research | Loom |
| 6:07 | Create | Villager (Male) |
| 6:08 | Create | Villager (Male) |
| 6:36 | Create | Villager (Male) |
| 7:04 | Build | House |
| 7:13 | Create | Villager (Male) |
| 7:14 | Create | Villager (Male) |
| 7:29 | Build | Mining Camp |
| 7:39 | Create | Villager (Male) |
| 8:25 | Create | Villager (Male) |
| 8:54 | Research | Feudal Age |
| 9:28 | Create | Villager (Male) |
| 9:29 | Create | Villager (Male) |
| 9:38 | Build | Mining Camp |
| 9:48 | Build | Farm |
| 9:50 | Build | Farm |
| 9:53 | Build | Farm |
| 10:46 | Build | Farm |
| 10:49 | Build | Farm |
| 11:15 | Age | Feudal Age |
| 11:21 | Build | Blacksmith |
| 12:07 | Create | Villager (Male) |
| 12:17 | Research | Wheelbarrow |
| 12:30 | Build | House |
| 12:44 | Create | Villager (Male) |
| 13:57 | Build | Market |
| 14:04 | Create | Villager (Male) |
| 14:57 | Research | Castle Age |
| 15:56 | Create | Villager (Male) |
| 16:02 | Build | Farm |
| 16:03 | Build | Farm |
| 16:48 | Create | Villager (Male) |
| 17:37 | Age | Castle Age |
| 17:43 | Build | Castle |
| 18:02 | Build | Barracks |
| 18:04 | Create | Villager (Male) |
| 18:43 | Research | Man-at-Arms (upgrade) |
| 18:45 | Create | Spearman |
| 18:46 | Create | Spearman |
| 18:48 | Create | Villager (Male) |
| 18:49 | Create | Villager (Male) |
| 19:26 | Create | Villager (Male) |
| 19:27 | Create | Villager (Male) |
| 19:29 | Research | Double-Bit Axe |
| 19:48 | Build | Farm |
| 20:12 | Create | Villager (Male) |
| 20:13 | Create | Villager (Male) |
| 20:22 | Build | Mining Camp |
| 20:26 | Build | Farm |
| 20:27 | Create | Villager (Male) |
| 21:09 | Build | Stone Wall |
| 21:14 | Build | Stone Wall |
| 21:25 | Build | House |
| 21:28 | Build | House |
| 21:40 | Create | Villager (Male) |
| 21:46 | Build | Town Center |
| 21:50 | Create | Villager (Male) |
| 22:31 | Create | Villager (Male) |
| 22:36 | Create | Villager (Male) |
| 22:47 | Build | Archery Range |
| 23:15 | Build | Lumber Camp |
| 23:16 | Create | Villager (Male) |
| 23:17 | Create | Villager (Male) |
| 23:21 | Create | Villager (Male) |
| 23:21 | Create | Villager (Male) |
| 23:41 | Create | Villager (Male) |
| 23:41 | Create | Villager (Male) |
| 23:49 | Build | Farm |
| 23:50 | Build | Farm |
| 23:51 | Build | Farm |
| 24:33 | Build | Archery Range |
| 24:54 | Build | Castle |
| 25:04 | Create | Villager (Male) |
| 25:04 | Create | Villager (Male) |
| 25:04 | Create | Villager (Male) |
| 25:05 | Create | Villager (Male) |
| 25:05 | Create | Villager (Male) |
| 25:14 | Create | War Wagon |
| 25:15 | Create | War Wagon |
| 25:31 | Create | Villager (Male) |
| 25:31 | Create | Villager (Male) |
| 25:45 | Research | Bow Saw |
| 26:02 | Create | War Wagon |
| 26:02 | Create | War Wagon |
| 26:10 | Build | Lumber Camp |
| 26:32 | Create | Cavalry Archer |
| 26:32 | Create | Cavalry Archer |
| 26:33 | Create | Cavalry Archer |
| 26:44 | Build | Siege Workshop |
| 26:51 | Create | Villager (Male) |
| 26:51 | Create | Villager (Male) |
| 26:52 | Create | Villager (Male) |
| 26:52 | Create | Villager (Male) |
| 27:39 | Create | Villager (Male) |
| 27:40 | Create | Villager (Male) |
| 27:50 | Create | Iron Pagoda |
| 27:51 | Create | Iron Pagoda |
| 28:30 | Build | Watch Tower |
| 28:38 | Create | Iron Pagoda |
| 28:50 | Create | War Wagon |
| 28:50 | Create | War Wagon |
| 28:51 | Create | War Wagon |
| 28:51 | Create | War Wagon |
| 30:02 | Create | Villager (Male) |
| 30:02 | Create | Villager (Male) |
| 30:02 | Create | Villager (Male) |
| 30:02 | Create | Villager (Male) |
| 30:03 | Create | Villager (Male) |
| 30:03 | Create | Villager (Male) |
| 30:09 | Build | Farm |
| 30:10 | Build | Farm |
| 30:10 | Build | Farm |
| 30:10 | Build | Farm |
| 30:11 | Build | Farm |
| 30:11 | Build | Farm |
| 30:11 | Build | Farm |
| 30:39 | Create | Iron Pagoda |
| 30:39 | Create | Iron Pagoda |
| 30:50 | Build | Farm |
| 30:51 | Build | Farm |
| 30:51 | Build | Farm |
| 30:52 | Build | Farm |
| 30:52 | Build | Farm |
| 31:09 | Create | War Wagon |
| 31:09 | Create | War Wagon |
| 31:18 | Build | Mining Camp |
| 31:26 | Create | Villager (Male) |
| 31:26 | Create | Villager (Male) |
| 31:27 | Create | Villager (Male) |
| 31:27 | Create | Villager (Male) |
| 31:34 | Build | Town Center |
| 31:36 | Build | Lumber Camp |
Build order — hwooqpwooer
First 150 of 305 actions detected
| 0:01 | Create | Villager (Male) |
| 0:01 | Create | Villager (Male) |
| 0:01 | Create | Villager (Male) |
| 0:03 | Build | House |
| 0:05 | Build | House |
| 0:16 | Create | Villager (Male) |
| 0:20 | Build | House |
| 0:21 | Build | House |
| 1:28 | Create | Villager (Male) |
| 1:28 | Create | Villager (Male) |
| 2:04 | Create | Villager (Male) |
| 2:04 | Create | Villager (Male) |
| 2:21 | Create | Villager (Male) |
| 2:21 | Create | Villager (Male) |
| 2:56 | Create | Villager (Male) |
| 2:56 | Create | Villager (Male) |
| 3:07 | Build | Lumber Camp |
| 3:40 | Create | Villager (Male) |
| 3:40 | Create | Villager (Male) |
| 4:22 | Create | Villager (Male) |
| 4:22 | Create | Villager (Male) |
| 4:23 | Create | Villager (Male) |
| 5:42 | Create | Villager (Male) |
| 5:42 | Create | Villager (Male) |
| 5:45 | Create | Villager (Male) |
| 5:46 | Create | Villager (Male) |
| 5:49 | Create | Villager (Male) |
| 5:49 | Create | Villager (Male) |
| 6:28 | Create | Villager (Male) |
| 6:35 | Build | Mill |
| 6:52 | Create | Villager (Male) |
| 7:47 | Create | Villager (Male) |
| 8:54 | Research | Feudal Age |
| 9:08 | Build | House |
| 9:12 | Build | House |
| 9:12 | Build | House |
| 9:54 | Create | Villager (Male) |
| 9:54 | Create | Villager (Male) |
| 9:57 | Build | Mining Camp |
| 11:12 | Age | Feudal Age |
| 11:17 | Research | Double-Bit Axe |
| 11:18 | Research | Horse Collar |
| 11:22 | Build | Farm |
| 11:23 | Build | Farm |
| 11:39 | Create | Villager (Male) |
| 11:43 | Build | Market |
| 11:53 | Build | Farm |
| 11:56 | Create | Villager (Male) |
| 12:13 | Build | Farm |
| 12:16 | Build | Farm |
| 12:21 | Build | Farm |
| 12:26 | Create | Villager (Male) |
| 12:40 | Build | Blacksmith |
| 12:59 | Build | Farm |
| 13:00 | Build | Farm |
| 13:19 | Create | Villager (Male) |
| 13:26 | Build | Mining Camp |
| 13:48 | Research | Castle Age |
| 13:48 | Research | Castle Age |
| 13:52 | Build | Farm |
| 14:04 | Build | House |
| 14:08 | Build | House |
| 14:10 | Build | House |
| 14:11 | Build | House |
| 14:16 | Build | House |
| 14:18 | Build | House |
| 14:49 | Research | Gold Mining |
| 15:39 | Build | House |
| 15:43 | Build | House |
| 15:58 | Create | Villager (Male) |
| 15:59 | Create | Villager (Male) |
| 16:14 | Build | Farm |
| 16:18 | Build | Farm |
| 16:28 | Age | Castle Age |
| 16:30 | Research | Bow Saw |
| 16:38 | Build | Castle |
| 16:59 | Build | Farm |
| 17:08 | Create | Villager (Male) |
| 17:21 | Create | Villager (Male) |
| 17:27 | Create | Villager (Male) |
| 17:35 | Research | Gold Shaft Mining |
| 17:44 | Build | Mill |
| 17:51 | Create | Gbeto |
| 17:51 | Create | Gbeto |
| 17:54 | Build | Farm |
| 17:55 | Build | Farm |
| 17:56 | Build | Farm |
| 17:57 | Build | Farm |
| 17:59 | Build | Farm |
| 18:14 | Create | Gbeto |
| 18:18 | Create | Gbeto |
| 18:19 | Create | Villager (Male) |
| 18:24 | Build | Farm |
| 18:36 | Create | Gbeto |
| 18:40 | Build | Mining Camp |
| 18:45 | Create | Villager (Male) |
| 18:45 | Create | Gbeto |
| 18:57 | Create | Villager (Male) |
| 19:10 | Build | Farm |
| 19:12 | Create | Gbeto |
| 19:16 | Create | Villager (Male) |
| 19:18 | Build | Farm |
| 19:44 | Create | Gbeto |
| 19:45 | Create | Villager (Male) |
| 20:01 | Build | Farm |
| 20:04 | Create | Gbeto |
| 20:04 | Create | Gbeto |
| 20:18 | Build | Farm |
| 20:21 | Create | Gbeto |
| 20:29 | Build | Barracks |
| 20:33 | Create | Gbeto |
| 20:37 | Research | Forging |
| 20:41 | Build | Farm |
| 20:41 | Create | Villager (Male) |
| 20:42 | Create | Villager (Male) |
| 20:43 | Create | Gbeto |
| 20:58 | Create | Villager (Male) |
| 20:58 | Create | Gbeto |
| 21:07 | Create | Gbeto |
| 21:10 | Build | Farm |
| 21:23 | Create | Gbeto |
| 21:24 | Create | Villager (Male) |
| 21:33 | Research | Iron Casting |
| 21:36 | Build | Farm |
| 21:47 | Create | Gbeto |
| 21:58 | Build | Farm |
| 22:01 | Create | Gbeto |
| 22:06 | Research | Scale Mail Armor |
| 22:23 | Build | Farm |
| 22:29 | Create | Gbeto |
| 22:31 | Research | Squires |
| 22:33 | Research | Arson |
| 23:01 | Create | Gbeto |
| 23:01 | Create | Gbeto |
| 23:02 | Create | Villager (Male) |
| 23:14 | Create | Gbeto |
| 23:14 | Create | Villager (Male) |
| 23:24 | Create | Gbeto |
| 23:43 | Create | Gbeto |
| 23:52 | Create | Villager (Male) |
| 23:55 | Research | Loom |
| 23:55 | Create | Gbeto |
| 24:00 | Build | Mining Camp |
| 24:02 | Create | Villager (Male) |
| 24:02 | Create | Villager (Male) |
| 24:10 | Research | Chain Mail Armor |
| 24:11 | Create | Gbeto |
| 24:12 | Create | Gbeto |
| 24:22 | Build | House |
| 24:23 | Build | House |
Build order — moiseschoninger
First 150 of 163 actions detected
| 0:11 | Create | Villager (Male) |
| 0:11 | Create | Villager (Male) |
| 0:12 | Create | Villager (Male) |
| 0:13 | Build | House |
| 0:15 | Build | House |
| 0:23 | Create | Villager (Male) |
| 1:36 | Create | Villager (Male) |
| 2:01 | Build | Lumber Camp |
| 2:40 | Create | Villager (Male) |
| 2:40 | Create | Villager (Male) |
| 3:11 | Create | Villager (Male) |
| 3:58 | Build | House |
| 4:08 | Create | Villager (Male) |
| 4:08 | Create | Villager (Male) |
| 4:08 | Create | Villager (Male) |
| 4:33 | Build | Mill |
| 5:29 | Create | Villager (Male) |
| 5:30 | Create | Villager (Male) |
| 6:07 | Build | Mining Camp |
| 6:23 | Create | Villager (Male) |
| 7:04 | Create | Villager (Male) |
| 7:05 | Create | Villager (Male) |
| 7:05 | Create | Villager (Male) |
| 7:36 | Create | Villager (Male) |
| 7:48 | Build | House |
| 8:11 | Build | Farm |
| 8:14 | Build | Farm |
| 8:17 | Build | Farm |
| 8:20 | Build | Farm |
| 9:13 | Build | Mining Camp |
| 9:17 | Create | Villager (Male) |
| 9:19 | Create | Villager (Male) |
| 9:41 | Research | Feudal Age |
| 10:31 | Build | House |
| 10:32 | Build | House |
| 10:33 | Build | House |
| 11:31 | Create | Villager (Male) |
| 11:31 | Create | Villager (Male) |
| 12:17 | Age | Feudal Age |
| 12:22 | Build | Blacksmith |
| 12:29 | Build | Market |
| 13:08 | Create | Villager (Male) |
| 13:33 | Research | Double-Bit Axe |
| 13:51 | Research | Castle Age |
| 14:03 | Research | Horse Collar |
| 14:13 | Build | Farm |
| 14:35 | Research | Gold Mining |
| 14:50 | Research | Loom |
| 14:51 | Create | Villager (Male) |
| 14:52 | Create | Villager (Male) |
| 15:50 | Build | Farm |
| 16:12 | Research | Fletching |
| 16:31 | Age | Castle Age |
| 16:59 | Build | Lumber Camp |
| 17:01 | Create | Villager (Male) ×5 |
| 17:15 | Build | Farm |
| 17:59 | Build | Castle |
| 18:42 | Create | Villager (Male) |
| 18:42 | Create | Villager (Male) |
| 19:10 | Build | Siege Workshop |
| 19:27 | Build | Town Center |
| 20:07 | Build | House |
| 20:32 | Build | Barracks |
| 20:48 | Build | House |
| 20:56 | Build | Stone Wall |
| 21:09 | Build | Stone Wall |
| 21:17 | Build | Gate |
| 21:26 | Build | Lumber Camp |
| 21:29 | Create | Conquistador ×3 |
| 21:41 | Research | Bodkin Arrow |
| 21:52 | Create | Battering Ram |
| 21:52 | Create | Battering Ram |
| 22:18 | Create | Mangonel |
| 22:29 | Create | Villager (Male) |
| 22:29 | Create | Villager (Male) |
| 22:30 | Create | Villager (Male) |
| 22:36 | Build | Farm |
| 22:36 | Build | Farm |
| 22:37 | Build | Farm |
| 22:37 | Build | Farm |
| 22:37 | Build | Farm |
| 22:43 | Create | Villager (Male) |
| 22:55 | Create | Conquistador |
| 23:14 | Build | University |
| 23:18 | Build | Palisade Wall |
| 23:39 | Create | Villager (Male) |
| 23:39 | Create | Villager (Male) |
| 24:08 | Create | Battering Ram |
| 24:36 | Create | Battering Ram |
| 24:58 | Create | Mangonel |
| 25:29 | Build | University |
| 25:58 | Research | Ballistics |
| 26:03 | Build | Siege Workshop |
| 26:52 | Create | Battering Ram |
| 26:57 | Create | Mangonel |
| 27:19 | Create | Conquistador |
| 27:43 | Build | Town Center |
| 29:34 | Create | Battering Ram |
| 29:34 | Create | Battering Ram |
| 30:06 | Create | Villager (Male) ×5 |
| 30:10 | Build | Farm |
| 30:10 | Build | Farm |
| 30:11 | Build | Farm |
| 30:11 | Build | Farm |
| 30:11 | Build | Farm |
| 30:11 | Build | Farm |
| 30:11 | Build | Farm |
| 30:53 | Create | Conquistador |
| 31:18 | Build | Monastery |
| 31:29 | Create | Villager (Male) ×2 |
| 32:02 | Build | Mining Camp |
| 32:07 | Create | Missionary |
| 32:45 | Build | Mining Camp |
| 32:48 | Create | Villager (Male) ×2 |
| 32:52 | Build | Farm |
| 32:52 | Build | Farm |
| 35:19 | Create | Villager (Male) ×5 |
| 35:26 | Build | Farm |
| 35:26 | Build | Farm |
| 35:26 | Build | Farm |
| 35:26 | Build | Farm |
| 35:49 | Create | Conquistador ×2 |
| 36:13 | Build | House |
| 36:14 | Build | House |
| 36:18 | Create | Villager (Male) |
| 36:24 | Build | Farm |
| 36:24 | Build | Farm |
| 36:24 | Build | Farm |
| 36:24 | Build | Farm |
| 36:25 | Build | Farm |
| 36:40 | Create | Conquistador |
| 36:59 | Create | Conquistador |
| 37:27 | Create | Battering Ram |
| 37:44 | Create | Missionary |
| 37:48 | Build | House |
| 37:53 | Build | House |
| 38:02 | Create | Villager (Male) |
| 38:58 | Build | House |
| 38:59 | Build | House |
| 39:01 | Build | House |
| 39:14 | Research | Padded Archer Armor |
| 40:51 | Create | Mangonel |
| 40:56 | Create | Villager (Male) ×5 |
| 41:25 | Create | Villager (Male) |
| 41:25 | Create | Villager (Male) |
| 41:25 | Create | Villager (Male) |
| 41:36 | Build | Blacksmith |
| 41:39 | Build | Market |
| 41:42 | Create | Villager (Male) |
| 41:43 | Create | Villager (Male) |
Match timeline
| 11:12 | hwooqpwooer · age_up feudal |
| 11:15 | Isumari · age_up feudal |
| 12:17 | moiseschoninger · age_up feudal |
| 12:59 | Franquitoo · age_up feudal |
| 13:42 | Franquitoo · first_building Barracks |
| 16:28 | hwooqpwooer · age_up castle |
| 16:31 | moiseschoninger · age_up castle |
| 16:38 | hwooqpwooer · first_building Castle |
| 16:54 | Franquitoo · age_up castle |
| 17:00 | Franquitoo · first_building Monastery |
| 17:33 | hwooqpwooer · first_market_buy 100 food |
| 17:37 | Isumari · age_up castle |
| 17:43 | Isumari · first_building Castle |
| 17:59 | moiseschoninger · first_building Castle |
| 18:02 | Isumari · first_building Barracks |
| 19:10 | moiseschoninger · first_building Siege Workshop |
| 19:19 | moiseschoninger · first_market_buy 100 stone |
| 20:29 | hwooqpwooer · first_building Barracks |
| 20:32 | moiseschoninger · first_building Barracks |
| 20:56 | moiseschoninger · wall_segment Stone Wall x7 |
| 21:09 | moiseschoninger · wall_segment Stone Wall x11 |
| 21:09 | Isumari · wall_segment Stone Wall x6 |
| 21:14 | Isumari · wall_segment Stone Wall x7 |
| 22:47 | Isumari · first_building Archery Range |
| 23:18 | moiseschoninger · wall_segment Palisade Wall x1 |
| 23:26 | Franquitoo · first_building Siege Workshop |
| 23:59 | Franquitoo · first_market_buy 100 food |
| 24:03 | Franquitoo · first_market_sell 100 food |
| 25:42 | Isumari · first_market_buy 100 wood |
| 26:43 | moiseschoninger · first_market_sell 100 stone |
| 26:44 | Isumari · first_building Siege Workshop |
| 26:56 | hwooqpwooer · first_market_sell 100 wood |
| 27:46 | Franquitoo · first_building Archery Range |
| 27:47 | Franquitoo · age_up imperial |
| 30:15 | hwooqpwooer · first_building Monastery |
| 31:12 | hwooqpwooer · age_up imperial |
| 31:18 | moiseschoninger · first_building Monastery |
| 32:03 | Franquitoo · tribute_sent a jugador 1 |
| 32:03 | Franquitoo · tribute_sent a jugador 3 |
| 32:03 | Franquitoo · tribute_sent a jugador 4 |
| 36:54 | Franquitoo · wall_segment Stone Wall x4 |
| 38:45 | Isumari · first_market_sell 100 wood |
| 40:44 | hwooqpwooer · first_building Stable |
| 40:56 | Franquitoo · wall_segment Stone Wall x28 |
| 41:43 | Franquitoo · first_building Stable |
| 42:21 | Isumari · age_up imperial |
| 46:23 | Franquitoo · resign |
[ AI ANALYSIS · 1 CREDIT ]
What really happened in this match?
Wolo.gg analyzes every decision: build order, eco, micro, common mistakes by bracket. Personalized analysis on WhatsApp or Discord in 30 seconds.
Civ guide
Turks
Perfil
Jugador #22993743